 Dungeon Crawl Stone Soup version 0.31.0 (webtiles) character file.

Game seed: 7180796895325308321

77 qw the Shooter (level 4, 0/28 HPs)
             Began as a Gargoyle Hunter on Jan 19, 2024.
             Incinerated by a bombardier beetle (5 damage)
             ... with a burning spray
             ... on level 4 of the Dungeon.
             The game lasted 00:00:09 (2677 turns).

qw the Shooter (Gargoyle Hunter)                    Turns: 2677, Time: 00:00:09

Health: 0/28       AC:  8    Str: 14    XL:     4   Next: 34%
Magic:  4/4        EV: 10    Int: 10    God:
Gold:   176        SH:  0    Dex: 15    Spells: 3/3 levels left

rFire   . . .        a - +0 shortbow
rCold   . . .        (shield currently unavailable)
rNeg    + . .        e - +0 ring mail
rPois   inf          (no helmet)
rElec   +            (no cloak)
rCorr   .            (no gloves)
SInv    .            (no boots)
Will    .....        c - amulet of faith
Stlth   +            (no ring)
HPRegen 0.24/turn    (no ring)
MPRegen 0.09/turn

%: faith
@: on fire, glowing
A: sickness immunity, AC +3, negative energy resistance 1, electricity
resistance, torment resistance 1, petrification resistance
a: no special abilities


You were on level 4 of the Dungeon.
You visited 1 branch of the dungeon, and saw 4 of its levels.

You collected 176 gold pieces.


Innate Abilities, Weirdness & Mutations

You are immune to sickness and miasma.
Your stone body is resilient. (AC +3)
You are immune to poison.
You resist negative energy. (rN+)
You are resistant to electric shocks. (rElec)
You are resistant to unholy torment.
You are immune to petrification.


   Skills:
 - Level 3.0 Fighting
 + Level 5.1 Ranged Weapons
 - Level 1.2 Armour
 - Level 1.5 Dodging
 - Level 1.1 Stealth


You had 3 spell levels left.
You didn't know any spells.
Your spell library was empty.

Inventory:

Hand Weapons
 a - a +0 shortbow (weapon)
Armour
 e - a +0 ring mail (worn)
Jewellery
 c - an amulet of faith (around neck)
 f - an amulet of the acrobat
Scrolls
 d - a scroll of identify {unknown}
Potions
 b - a potion of might
 g - 2 potions of curing
 h - a potion of attraction {unknown}
 i - a potion of haste {unknown}

Dungeon Overview and Level Annotations

Branches:
Dungeon (4/15)
 Temple: D:4-7

Altars:
Fedhas
Sif Muna

Annotations:
D:2 1 runed translucent door, Crazy Yiuf


Message History

You shoot an arrow. The arrow hits the bombardier beetle.
The bombardier beetle is moderately wounded.
The bombardier beetle sprays incendiary fluid at you.
The burning spray hits you.
You are covered in liquid fire!
You shoot an arrow. The arrow hits the bombardier beetle.
The bombardier beetle is heavily wounded.
The liquid fire burns you!
The bombardier beetle bites you but does no damage.
You shoot an arrow.
The arrow barely misses the bombardier beetle.
The liquid fire burns you!
The bombardier beetle bites you but does no damage.
You shoot an arrow.
The arrow barely misses the bombardier beetle.
The liquid fire burns you!
You shoot an arrow.
The arrow hits the bombardier beetle but does no damage.
The bombardier beetle is heavily wounded.
The liquid fire burns you! The bombardier beetle bites you.
You shoot an arrow. The arrow hits the bombardier beetle.
The bombardier beetle is heavily wounded.
The liquid fire burns you!
The bombardier beetle waves its antennae.
The bombardier beetle sprays incendiary fluid at you.
The burning spray hits you.
You are even more covered in liquid fire!
You shoot an arrow.
The arrow hits the bombardier beetle but does no damage.
The bombardier beetle is heavily wounded.
The liquid fire burns you!
The bombardier beetle closely misses you.
You shoot an arrow. The arrow hits the bombardier beetle.
The bombardier beetle is severely wounded.
The liquid fire burns you!
You shoot an arrow. The arrow hits the bombardier beetle.
The bombardier beetle is almost dead.
The liquid fire burns you!
You die...

#.....# ...#
..###.## #...# .##
#..####...# .##
#.#.....# .#
..##..###..## .###
.....###....# ...
.........#..## #.#
......##.##..###B#
.....###. ##..#.@#
....## .. #.....#
#.....#.. #......#
#....... ##.....#
..... .........#
##### ..........#
.....#......#
....####.....
##... .....


You could see a bombardier beetle.

Vanquished Creatures
  3 adders
  A dart slug (D:1)
  4 endoplasms
  2 giant cockroaches (D:2)
  7 goblins
  6 hobgoblins
  4 quokkas
  4 ball pythons
  4 bats
  3 frilled lizards
  5 kobolds
  4 rats
47 creatures vanquished.

Notes
Turn   | Place    | Note
-------+----------+-------------------------------------------
     0 | D:1      | qw the Gargoyle Hunter began the quest for the Orb.
     0 | D:1      | Reached XP level 1. HP: 12/12 MP: 1/1
     0 | D:1      | 0 ||| qw: Version: 0.3-a-132-g3d54051
     0 | D:1      | 0 ||| qw: Game counter: 206
     0 | D:1      | 0 ||| qw: Melee chars always use a shield: true
     0 | D:1      | 0 ||| qw: God list: Okawaru
     0 | D:1      | 0 ||| qw: Allow faded altars: false
     0 | D:1      | 0 ||| qw: Do Orc after clearing Dungeon:15 true
     0 | D:1      | 0 ||| qw: Do second Lair branch before Depths: true
     0 | D:1      | 0 ||| qw: Lair rune preference: random
     0 | D:1      | 0 ||| qw: Goals: Normal
     0 | D:1      | 0 ||| PLANNING D:1-11
   306 | D:1      | Reached XP level 2. HP: 17/17 MP: 2/2
   660 | D:1      | 660 ||| UPGRADING to +0 ring mail.
   670 | D:1      | 670 ||| DROPPING +0 leather armour.
   671 | D:1      | 671 ||| UPGRADING to amulet of the acrobat.
   676 | D:1      | 676 ||| READING scroll labelled QONIUL KUNOZ.
   777 | D:1      | 777 ||| READING scroll labelled LIGHENAOLA.
   778 | D:1      | 778 ||| READING scroll labelled NAOLET FERIRO.
   779 | D:1      | 779 ||| READING scroll labelled WACE NOYZXEFET.
   780 | D:1      | 780 ||| DROPPING scroll of butterflies.
   838 | D:2      | Reached skill level 1 in Armour
   838 | D:2      | Reached XP level 3. HP: 17/21 MP: 3/3
   838 | D:2      | 838 ||| FLEEEEING.
   839 | D:2      | 839 ||| FLEEEEING.
   840 | D:2      | 840 ||| FLEEEEING.
   842 | D:2      | 842 ||| STAIRDANCE
   930 | D:2      | Found a faded altar of an unknown god.
  1010 | D:2      | Reached skill level 5 in Ranged Weapons
  1174 | D:2      | Found a runed translucent door.
  1175 | D:2      | Noticed Crazy Yiuf
  1334 | D:2      | Reached XP level 4. HP: 27/27 MP: 4/4
  1655 | D:2      | 1655 ||| UPGRADING to amulet of faith.
  1665 | D:2      | 1665 ||| READING 2 scrolls labelled RYPIMA OWEON.
  1666 | D:2      | 1666 ||| READING scroll labelled YCOADONOORR.
  1667 | D:2      | 1667 ||| DRINKING 2 clear potions.
  1668 | D:2      | 1668 ||| DROPPING scroll of amnesia.
  1780 | D:3      | Found a blossoming altar of Fedhas.
  1811 | D:3      | Reached skill level 3 in Fighting
  2349 | D:3      | Found a shimmering blue altar of Sif Muna.
  2509 | D:3      | 2509 ||| READING scroll labelled XIFIORI OTYQO.
  2509 | D:3      | 2509 ||| ENCHANTING +0 shortbow.
  2510 | D:3      | 2510 ||| DRINKING 3 silvery potions.
  2511 | D:3      | 2511 ||| DRINKING 2 sedimented pink potions.
  2512 | D:3      | 2512 ||| DROPPING potion of brilliance.
  2675 | D:4      | HP: 7/28 [burnt (4)]
  2677 | D:4      | Incinerated by a bombardier beetle

Levels and vault maps discovered:
D:1:      heliophobic_arrival_ceremonial_halls, layout_loops_cross,
          minmay_misc_feat_tiny, solitary_fountain, minmay_misc_feat_doors,
          grunt_decor_fettered
D:2:      minmay_alternating_diamond, layout_basic,
          shapermc_ecumenical_altar_acropolis, uniq_crazy_yiuf_cottage
D:3:      layout_basic, old_standard_altar, mainiacjoe_overflow_alcove_1,
          serial_rivers, chequers_serial_rivers_room_a,
          chequers_serial_rivers_room_b, chequers_serial_rivers_micro_c,
          chequers_serial_rivers_marsh, chequers_serial_rivers_room_b,
          chequers_serial_rivers_micro_e, minmay_misc_feat_square
D:4:      layout_layer_cave, hellmonk_okawaru_the_only_friend_you_need

Skill      XL: |  1  2  3  4 |
---------------+-------------+-----
Armour         | 1 |  1.2
Ranged Weapons | 5 |  5.1
Fighting       | 3 |  3.0
Dodging        | |  1.5
Stealth        | |  1.1

Action                     |  1- 3 |  4- 6 || total
---------------------------+-------+-------++-------
   Fire: Shortbow          |   103 |    41 ||   144
    Use: Scroll            |     4 |     3 ||     7
         Potion            |       |     3 ||     3
 Armour: Leather armour    |     7 |       ||     7
         Ring mail         |    21 |     7 ||    28
  Dodge: Dodged            |    28 |     2 ||    30

Table legend:
 A = Non-vault XP
 B = Vault XP
 C = Vault XP percentage of total XP
 D = Non-vault monster count
 E = Vault monster count
 F = Vault count percentage of total count
                 A         B        C        D         E       F
            +---------+---------+-------+---------+---------+-------
      Total |     106 |       5 |   4.5 |      43 |       4 |   8.5
            +---------+---------+-------+---------+---------+-------
        D:1 |      26 |       0 |   0.0 |      15 |       0 |   0.0
        D:2 |      58 |       5 |   7.9 |      22 |       4 |  15.4
        D:3 |      21 |       0 |   0.0 |       5 |       0 |   0.0
        D:4 |       1 |       0 |   0.0 |       1 |       0 |   0.0
            +---------+---------+-------+---------+---------+-------
